 Dungeon Crawl Stone Soup version 0.29-a0-359-g541a27f54d (webtiles) character file.

Game seed: 7815255836360889672

18 jaega1 the Chopper (level 2, 23/26 HPs)
             Began as a Hill Orc Fighter on Apr 27, 2022.
             Was an Initiate of Yredelemnul.
             Quit the game on level 1 of the Dungeon.
             The game lasted 00:01:13 (438 turns).

jaega1 the Chopper (Hill Orc Fighter)                Turns: 438, Time: 00:01:13

Health: 23/26      AC:  6    Str: 18    XL:     2   Next: 66%
Magic:  2/2        EV:  9    Int:  8    God:    Yredelemnul [......]
Gold:   10         SH:  4    Dex: 10    Spells: 1/1 levels left

rFire   . . .      SeeInvis .   a - +0 war axe
rCold   . . .      Faith    .   c - +0 buckler
rNeg    . . .      Spirit   .   b - +0 scale mail
rPois   .          Reflect  .   (no helmet)
rElec   .          Harm     .   (no cloak)
rCorr   .          Rampage  .   (no gloves)
Will    .....                   (no boots)
Stlth   ..........              (no amulet)
HPRegen 0.08/turn               (no ring)
MPRegen 0.08/turn               (no ring)

@: no status effects
A: no striking features
a: Renounce Religion, Recall Undead Harvest


You were on level 1 of the Dungeon.
You worshipped Yredelemnul.
Yredelemnul was noncommittal.
You visited 1 branch of the dungeon, and saw 1 of its levels.

You collected 10 gold pieces.

Inventory:

Hand Weapons
 a - a +0 war axe (weapon)
Armour
 b - a +0 scale mail (worn)
 c - a +0 buckler (worn)
Potions
 d - a potion of might


   Skills:
 - Level 3.6 Fighting
 * Level 4.2 Axes
 - Level 3.2 Armour
 - Level 3.2 Shields


You had one spell level left.
You didn't know any spells.
Your spell library was empty.

Dungeon Overview and Level Annotations

Branches:
Dungeon (1/15)

Altars:
Yredelemnul

Shops:
D:1 =


Message History

The goblin is moderately wounded.
The goblin hits you with a +0 dagger.
You barely miss the goblin.
The goblin is moderately wounded.
You block the goblin's attack.
You slash the goblin!
You kill the goblin!
Things that are here:
a +0 dagger; a goblin corpse You start resting.
HP restored.
There is a dry fountain here.
There is a faded altar of an unknown god here.
You cannot tell which god this altar belongs to.
Convert to them anyway?
Yredelemnul accepts your prayer! Yredelemnul welcomes you!
You can now reap souls.
You can now recall your undead harvest.
You swap places.
You swap places.
There is a dry fountain here.
A hobgoblin comes into view.
The hobgoblin shouts!
A kobold comes into view. It is wielding a +0 club.
The kobold shouts!
The kobold hits you with a +0 club. The hobgoblin closely misses you.
The kobold closely misses you.
You hit the hobgoblin.
You kill the hobgoblin!
You barely miss the kobold.
A black mist starts to gather...
Your adder zombie closely misses the kobold.
The kobold hits you but does no damage.
Your adder zombie bites the kobold.
The kobold barely misses you. The kobold attacks as you move away!
The kobold hits you with a +0 club.
Your adder zombie closely misses the kobold.
You hit the kobold.
You kill the kobold!
You swap places.
You see here a +0 club.
You swap places.
Are you sure you want to abandon this character and quit the game? (Confirm with "yes".)

#. #..# #.# #. #.# #.#..#
#.# #.##.# #.#..# #..
#..... .....####.# ###..#.#
#.#.##..... ....#.#
#.#.##.##.# # #..#.#
#.#.##.#...
#####.###.#.#####.#........
........ZZ@.........≈≈P≈≈.≈
.########Z#######.#).......
#.# #Z#.≈.###.≈ ..#
#.#...#_#.≈ ####
#...⌠.#Z#.≈ ##..P.#Z#.≈
#..⌠P....≈ #..⌠P⌠≈≈≈.
##........


You could see a friendly ball python zombie, a friendly adder zombie and a
friendly hobgoblin zombie.

Vanquished Creatures
  A dart slug (D:1)
  4 endoplasms (D:1)
  2 goblins (D:1)
  A hobgoblin (D:1)
  A kobold (D:1)
  3 ball pythons (D:1)
  A frilled lizard (D:1)
  A rat (D:1)
14 creatures vanquished.

Vanquished Creatures (others)
  A plant (D:1)
1 creature vanquished.

Grand Total: 15 creatures vanquished

Notes
Turn   | Place    | Note
-------+----------+-------------------------------------------
     0 | D:1      | jaega1 the Hill Orc Fighter began the quest for the Orb.
     0 | D:1      | Reached XP level 1. HP: 19/19 MP: 1/1
     9 | D:1      | Reached skill level 3 in Axes
   188 | D:1      | Found Feliuk's Jewellery Shoppe.
   197 | D:1      | Reached XP level 2. HP: 26/26 MP: 2/2
   284 | D:1      | Reached skill level 4 in Axes
   303 | D:1      | Found a faded altar of an unknown god.
   408 | D:1      | Prayed at the altar of an unknown god.
   408 | D:1      | Became a worshipper of Yredelemnul the Dark
   438 | D:1      | Quit the game

Illustrated notes

Levels and vault maps discovered:
D:1:      minmay_arrival_four_circles, layout_basic,
          shapermc_ecumenical_altar_acropolis, serial_shops, shop

Skill      XL: |  1  2 |
---------------+-------+-----
Axes           | 3 4 |  4.2
Fighting       | |  3.6
Armour         | |  3.2
Shields        | |  3.2

Action                   || total
-------------------------++-------
Melee: War axe           ||    25
Armor: Scale mail        ||     7
Dodge: Dodged            ||    10
Block: Buckler           ||     3

Table legend: (Time is in decaauts)
 A = Elapsed time spent in this place.
 B = Non-inter-level travel time spent in this place.
 C = Inter-level travel time spent in this place.
 D = Time resting spent in this place.
 E = Time spent auto-exploring this place.
 F = Levels seen in this place.
 G = Mean time per level.
                   A        B        C        D        E       F      G
               +--------+--------+--------+--------+--------+-----+--------+
         Total |    447 |    447 |      0 |    184 |    147 |   1 |  447.0 |
       Dungeon |    447 |    447 |      0 |    184 |    147 |   1 |  447.0 |
               +--------+--------+--------+--------+--------+-----+--------+

Top non-repeatable levels by time:
     D:1: 447 daAuts
